 Dungeon Crawl Stone Soup version 0.20-a0-947-g2784f4f (webtiles) character file.

33 Hybris the Ducker (level 3, 0/19 HPs)
             Began as a Spriggan Abyssal Knight on Apr 3, 2017.
             Was a Follower of Lugonu.
             Succumbed to an adder's poison
             ... on level 2 of the Dungeon.
             The game lasted 00:01:46 (988 turns).

Hybris the Ducker (Spriggan Abyssal Knight)          Turns: 988, Time: 00:01:47

Health: 0/19       AC:  2    Str:  8    XL:     3   Next: 12%
Magic:  5/5        EV: 25    Int: 13    God:    Lugonu [*.....]
Gold:   81         SH:  0    Dex: 21    Spells: 2/2 levels left

rFire    . . .     SeeInvis +   a - +1 short sword
rCold    . . .     Gourm    .   (shield restricted)
rNeg     . . .     Faith    .   b - +0 robe
rPois    .         Spirit   .   (helmet restricted)
rElec    .         Reflect  .   (no cloak)
rCorr    .         Harm     .   (gloves unavailable)
MR       .....                  (boots unavailable)
Stlth    +++.......             (no amulet)
Regen    0.1/turn               (no ring)
MPRegen  0.1/turn               (no ring)

@: agile, lethally poisoned (0 -> -6), very quick
A: unfitting armour, see invisible, herbivore 3, speed 3, slow metabolism 2
a: Depart the Abyss, Renounce Religion


You were on level 2 of the Dungeon.
You worshipped Lugonu.
Lugonu was aware of your devotion.
You were not hungry.

You visited 1 branch of the dungeon, and saw 2 of its levels.
You visited the Abyss 1 time.

You collected 81 gold pieces.

Inventory:

Hand Weapons
 a - a +1 short sword (weapon)
Armour
 b - a +0 robe (worn)
Scrolls
 d - a scroll of random uselessness {unknown}
 e - 2 scrolls of magic mapping {unknown}
 g - 2 scrolls of identify {unknown}
 h - a scroll of noise {unknown}
Comestibles
 c - a bread ration
 f - a fruit


   Skills:
 - Level 2.4 Fighting
 * Level 3.2 Short Blades
 + Level 4.2 Dodging
 + Level 1.6 Stealth
 - Level 1.7 Invocations


You had 2 spell levels left.
You didn't know any spells.

Dungeon Overview and Level Annotations

Branches:
Dungeon (2/15)

Altars:


Innate Abilities, Weirdness & Mutations

You are very small and have problems with some larger weapons.
You are too small for most types of armour.
You have supernaturally acute eyesight. (SInv)
You are a herbivore.
You cover ground extremely quickly.
You need consume almost no food.


Message History

The adder poisons you!
You miss the adder. The adder misses you.
You miss the adder.
You feel sick. The adder misses you.
You hit the adder.
The adder is heavily wounded.
The adder closely misses you. The adder misses you.
You miss the adder.
The adder is heavily wounded.
The adder bites you.
* * * LOW HITPOINT WARNING * * *
You hit the adder.
The adder is heavily wounded.
* * * LOW HITPOINT WARNING * * *
You feel sick. The adder barely misses you.
You closely miss the adder.
The adder is heavily wounded.
The adder closely misses you.
You miss the adder.
The adder is heavily wounded.
You die...

#. ##$##### #
......#
#.##.....
.......
####....#######
+......S.......
#...@# ##.#.# #
#.# #.## #..#
##<# #.# #.#
#.#


You could see an adder.

Vanquished Creatures
  A dart slug (D:1)
  A leopard gecko (D:1)
  3 giant cockroaches (D:1)
  3 goblins (D:1)
  A hobgoblin (D:1)
  6 jackals (D:1)
  2 kobolds (D:1)
  A ball python (D:1)
  6 bats (D:1)
  3 frilled lizards (D:1)
  A rat (D:1)
28 creatures vanquished.

Notes
Turn   | Place    | Note
-------+----------+-------------------------------------------
     0 | Abyss:1  | Hybris the Spriggan Abyssal Knight began the quest for the Orb.
     0 | Abyss:1  | Reached XP level 1. HP: 11/11 MP: 3/3
    49 | Abyss:1  | Noticed a starcursed mass
    50 | D:1      | Escaped the Abyss
    78 | D:1      | Reached skill level 4 in Dodging
   142 | D:1      | Reached * piety under Lugonu
   199 | D:1      | Reached XP level 2. HP: 16/16 MP: 4/4
   468 | D:1      | Reached skill level 1 in Stealth
   691 | D:1      | Reached XP level 3. HP: 17/19 MP: 5/5
   988 | D:2      | Succumbed to an adder's poison

Vault maps used:
D:1:      dpeg_arrival_rhombus
D:2:      lemuel_doored_altar, first_bread, uniq_robin

Skill      XL: |  1  2 |
---------------+-------+-----
Dodging        | 4 |  4.2
Stealth        | 1 |  1.6
Short Blades   | 3 |  3.2
Fighting       | |  2.4
Invocations    | |  1.7

Action                   || total
-------------------------++-------
Melee: Short sword       ||    95
Invok: Depart the Abyss  ||     1
  Use: Potion            ||     1
 Stab: Sleeping          ||     1
Armor: Robe              ||    13
Dodge: Dodged            ||    98
